EL
SAN JOSE GIANTS @ COLUMBIA FIREFLIES
08/24/2045
 
TOP OF THE 1ST
San Jose Giants batting - Pitching for Columbia Fireflies : RHP David Anzaldua
Pitching: RHP David Anzaldua
Batting: LHB Josh Straub 0-0: Ball
1-0: Ball
2-0: Foul Ball, location: 2F
2-1: Called Strike
2-2: TRIPLE (Groundball, 3L, EV 102.5 MPH)
Batting: LHB Tony Galvan 0-0: Called Strike
0-1: Swinging Strike
0-2: Ball
1-2: Strikes out looking
Batting: RHB Chris King 0-0: Called Strike
0-1: Swinging Strike
0-2: Ball
1-2: Ball
2-2: Foul Ball, location: 2F
2-2: Ground out U3 (Groundball, 34, EV 83.1 MPH)
Josh Straub scores
Batting: LHB Fred Arends 0-0: Ball
1-0: Foul Ball, location: 2F
1-1: SOLO HOME RUN (Flyball, 89XD, EV 98.8 MPH), Distance : 395 ft
Batting: LHB Al Hernandez 0-0: Ball
1-0: Called Strike
1-1: Called Strike
1-2: SINGLE (Groundball, 34D, EV 105.0 MPH)
Batting: RHB Doug Kennie 0-0: Foul Ball, location: 2F
0-1: Foul Ball, location: 2F
0-2: Foul Ball, location: 2F
0-2: Ball
1-2: Ball
2-2: Foul Ball, location: 2F
2-2: Ground out 2-3 (Groundball, 2L, EV 77.5 MPH)
Top of the 1st over - 2 runs, 3 hits, 0 errors, 1 left on base; San Jose 2 - Columbia 0
BOTTOM OF THE 1ST
Columbia Fireflies batting - Pitching for San Jose Giants : LHP Mike del Rio
Pitching: LHP Mike del Rio
Batting: LHB Jose Chavez 0-0: Called Strike
0-1: Ball
1-1: SINGLE (Line Drive, 56D, EV 95.6 MPH)
Batting: RHB Masaya Nakamura 0-0: Called Strike
0-1: Swinging Strike
0-2: Foul Ball, location: 2F
0-2: Ball
1-2: Strikes out swinging
Batting: RHB Josh Jones 0-0: Foul Ball, location: 2F
0-1: Ball
1-1: Ball
2-1: Foul Ball, location: 2F
2-2: Fly out, F7 (Flyball, 78D, EV 103.1 MPH)
Batting: RHB Billy Walker 0-0: Called Strike
0-1: Fielders Choice at 2nd, 6-4 (Groundball, 6, EV 85.6 MPH)
Bottom of the 1st over - 0 runs, 1 hit, 0 errors, 1 left on base; San Jose 2 - Columbia 0
TOP OF THE 2ND
San Jose Giants batting - Pitching for Columbia Fireflies : RHP David Anzaldua
Batting: RHB Drew Duncan 0-0: Called Strike
0-1: Ground out 1-3 (Groundball, 25, EV 70.0 MPH)
Batting: RHB Bill Defazio 0-0: Called Strike
0-1: Fly out, F9 (Flyball, 9, EV 78.8 MPH)
Batting: RHB Mike Jones 0-0: Ball
1-0: Ball
2-0: Ball
3-0: Called Strike
3-1: Base on Balls
Batting: LHB Josh Straub 0-0: Foul Ball, location: 2F
0-1: Swinging Strike
Passed Ball!
Mike Jones to second
0-2: Ball
1-2: Ground out 6-3 (Groundball, 6, EV 101.9 MPH)
Top of the 2nd over - 0 runs, 0 hits, 0 errors, 1 left on base; San Jose 2 - Columbia 0
BOTTOM OF THE 2ND
Columbia Fireflies batting - Pitching for San Jose Giants : LHP Mike del Rio
Batting: RHB Chris Nelson 0-0: Ball
1-0: Swinging Strike
1-1: Foul Ball, location: 2F
1-2: Ball
2-2: Strikes out swinging
Batting: RHB Bobby Campbell 0-0: Ball
1-0: Ball
2-0: Ground out 5-3 (Groundball, 56, EV 102.5 MPH)
Batting: LHB Joel Soto 0-0: Ball
1-0: Ball
2-0: Ball
3-0: Base on Balls
Batting: RHB Omar Gonzalez 0-0: Swinging Strike
0-1: Ball
1-1: 2-RUN HOME RUN (Flyball, 7D, EV 93.8 MPH), Distance : 364 ft
Batting: LHB Elmo Dreier 0-0: Fly out, F5 (Popup, 56, EV 55.0 MPH)
Bottom of the 2nd over - 2 runs, 1 hit, 0 errors, 0 left on base; San Jose 2 - Columbia 2
TOP OF THE 3RD
San Jose Giants batting - Pitching for Columbia Fireflies : RHP David Anzaldua
Batting: LHB Tony Galvan 0-0: Ball
1-0: Ball
2-0: Ball
3-0: Called Strike
3-1: Foul Ball, location: 2F
3-2: Foul Ball, location: 2F
3-2: Strikes out looking
Batting: RHB Chris King 0-0: Called Strike
0-1: Called Strike
0-2: Strikes out looking
Batting: LHB Fred Arends 0-0: Foul Ball, location: 2F
0-1: Ball
1-1: SINGLE (Groundball, 4MD, EV 109.4 MPH)
Batting: LHB Al Hernandez 0-0: Called Strike
0-1: Called Strike
0-2: Ball
1-2: Fly out, F3 (Line Drive, 3, EV 63.1 MPH)
Top of the 3rd over - 0 runs, 1 hit, 0 errors, 1 left on base; San Jose 2 - Columbia 2
BOTTOM OF THE 3RD
Columbia Fireflies batting - Pitching for San Jose Giants : LHP Mike del Rio
Batting: LHB Jose Chavez 0-0: Ball
1-0: Ground out U3 (Groundball, 34S, EV 78.8 MPH)
Batting: RHB Masaya Nakamura 0-0: Ball
1-0: Foul Ball, location: 2F
1-1: Called Strike
1-2: Ball
2-2: SINGLE (Groundball, 56D, EV 98.1 MPH)
Batting: RHB Josh Jones 0-0: DOUBLE (Groundball, 5L, EV 107.5 MPH)
Masaya Nakamura to third
Runner from 3rd tries for Home, SAFE, throw by LF to trailing runner, SAFE at third!
Batting: RHB Billy Walker 0-0: Called Strike
0-1: Reached on error, E1 (Groundball, 13S, EV 66.9 MPH)
Josh Jones scores
Batting: RHB Chris Nelson 0-0: Called Strike
0-1: Ball
1-1: Foul Ball, location: 2F
1-2: Foul Ball, location: 2F
1-2: Strikes out swinging
Batting: RHB Bobby Campbell 0-0: Ball
1-0: Called Strike
1-1: Fly out, F3 (Popup, 3SF, EV 75.0 MPH)
Bottom of the 3rd over - 2 runs, 2 hits, 1 error, 1 left on base; San Jose 2 - Columbia 4
TOP OF THE 4TH
San Jose Giants batting - Pitching for Columbia Fireflies : RHP David Anzaldua
Batting: RHB Doug Kennie 0-0: Ball
1-0: Called Strike
1-1: Called Strike
1-2: Ball
2-2: DOUBLE (Groundball, 5L, EV 105.0 MPH)
Batting: RHB Drew Duncan 0-0: Called Strike
0-1: Ball
1-1: Called Strike
1-2: Strikes out swinging
Batting: RHB Bill Defazio 0-0: Ball
1-0: Swinging Strike
1-1: Ball
2-1: Foul Ball, location: 2F
2-2: Foul Ball, location: 2F
2-2: Ball
3-2: Strikes out swinging
Batting: RHB Mike Jones 0-0: Called Strike
0-1: Ball
1-1: Ground out 6-3 (Groundball, 6, EV 81.9 MPH)
Top of the 4th over - 0 runs, 1 hit, 0 errors, 1 left on base; San Jose 2 - Columbia 4
BOTTOM OF THE 4TH
Columbia Fireflies batting - Pitching for San Jose Giants : LHP Mike del Rio
Batting: LHB Joel Soto 0-0: Fly out, F8 (Flyball, 89D, EV 103.1 MPH)
Batting: RHB Omar Gonzalez 0-0: Ball
1-0: Ball
2-0: Swinging Strike
2-1: Foul Ball, location: 2F
2-2: Strikes out swinging
Batting: LHB Elmo Dreier 0-0: Reached on error, E4 (Groundball, 4S, EV 77.5 MPH)
Batting: LHB Jose Chavez 0-0: Called Strike
0-1: Ball
Elmo Dreier steals 2nd base (no throw)
1-1: Ball
2-1: Ball
3-1: Called Strike
3-2: Foul Ball, location: 2F
3-2: Fly out, F7 (Flyball, 7, EV 90.6 MPH)
Bottom of the 4th over - 0 runs, 0 hits, 1 error, 1 left on base; San Jose 2 - Columbia 4
TOP OF THE 5TH
San Jose Giants batting - Pitching for Columbia Fireflies : RHP David Anzaldua
Batting: LHB Josh Straub 0-0: Ground out U3 (Groundball, 3L, EV 91.2 MPH)
Batting: LHB Tony Galvan 0-0: Called Strike
0-1: Ball
1-1: Ball
2-1: Ball
3-1: Foul Ball, location: 2F
3-2: Foul Ball, location: 2F
3-2: DOUBLE (Line Drive, 9LS, EV 94.4 MPH)
Batting: RHB Chris King 0-0: Ball
1-0: Ground out U3 (Groundball, 3L, EV 88.8 MPH)
Tony Galvan to third
Batting: LHB Fred Arends 0-0: Foul Ball, location: 2F
0-1: Ball
1-1: Ball
2-1: Foul Ball, location: 2F
2-2: Strikes out swinging
Top of the 5th over - 0 runs, 1 hit, 0 errors, 1 left on base; San Jose 2 - Columbia 4
BOTTOM OF THE 5TH
Columbia Fireflies batting - Pitching for San Jose Giants : LHP Mike del Rio
Batting: RHB Masaya Nakamura 0-0: Foul Ball, location: 2F
0-1: SINGLE (Groundball, 4MD, EV 109.4 MPH)
Batting: RHB Josh Jones 0-0: Swinging Strike
0-1: Swinging Strike
0-2: SINGLE (Line Drive, 6M, EV 97.5 MPH)
Masaya Nakamura to second
Batting: RHB Billy Walker 0-0: Called Strike
0-1: Swinging Strike
0-2: Ball
1-2: Ball
2-2: Fielders Choice at 2nd, 5-4 (Groundball, 5, EV 84.4 MPH)
Masaya Nakamura to third
Batting: RHB Chris Nelson 0-0: Foul Ball, location: 2F
0-1: Fielders Choice at 2nd, 1-6 (Groundball, 34S, EV 64.4 MPH)
Batting: RHB Bobby Campbell 0-0: Ball
1-0: Ball
2-0: Ball
3-0: Base on Balls
Chris Nelson to second
Batting: LHB Joel Soto 0-0: DOUBLE (Line Drive, 78D, EV 100.6 MPH)
Masaya Nakamura scores
Chris Nelson scores
Bobby Campbell to third
Pitching: RHP Ignacio Gomez
Batting: RHB Omar Gonzalez 0-0: Swinging Strike
0-1: Fly out, F6 (Popup, 4MD, EV 69.4 MPH)
Bottom of the 5th over - 2 runs, 3 hits, 0 errors, 2 left on base; San Jose 2 - Columbia 6
TOP OF THE 6TH
San Jose Giants batting - Pitching for Columbia Fireflies : RHP David Anzaldua
Batting: LHB Al Hernandez 0-0: Ball
1-0: Called Strike
1-1: Ball
2-1: Ball
3-1: Foul Ball, location: 2F
3-2: Base on Balls
Pitching: RHP Battista Aldobrandini
Batting: RHB Doug Kennie 0-0: Called Strike
0-1: Grounds into double play, 6-4-3 (Groundball, 6, EV 93.8 MPH)
Batting: RHB Drew Duncan 0-0: Ball
1-0: Ground out 6-3 (Groundball, 6M, EV 110.6 MPH)
Top of the 6th over - 0 runs, 0 hits, 0 errors, 0 left on base; San Jose 2 - Columbia 6
BOTTOM OF THE 6TH
Columbia Fireflies batting - Pitching for San Jose Giants : RHP Ignacio Gomez
Batting: LHB Elmo Dreier 0-0: Called Strike
0-1: Swinging Strike
0-2: Ball
1-2: Ball
2-2: SINGLE (Line Drive, 78S, EV 100.0 MPH)
Batting: LHB Jose Chavez 0-0: Ball
1-0: Ball
2-0: Swinging Strike
2-1: Swinging Strike
2-2: Fly out, F6 (Popup, 4M, EV 72.5 MPH)
Batting: RHB Masaya Nakamura
DELAY Rain delay of 19 minutes in the 6th inning.
0-0: Called Strike
Elmo Dreier steals 2nd base
0-1: Foul Ball, location: 2F
0-2: Ball
1-2: Ground out 5-3 (Groundball, 56, EV 104.4 MPH)
Batting: RHB Josh Jones 0-0: Foul Ball, location: 2F
0-1: Ball
1-1: Foul Ball, location: 2F
1-2: Ball
2-2: Strikes out swinging
Bottom of the 6th over - 0 runs, 1 hit, 0 errors, 1 left on base; San Jose 2 - Columbia 6
TOP OF THE 7TH
San Jose Giants batting - Pitching for Columbia Fireflies : RHP Battista Aldobrandini
Batting: RHB Bill Defazio 0-0: Ball
1-0: Ball
2-0: Ball
3-0: Called Strike
3-1: Foul Ball, location: 2F
3-2: Ground out 3-1 (Groundball, 34, EV 86.2 MPH)
Batting: RHB Mike Jones 0-0: Ball
1-0: Ball
2-0: Called Strike
2-1: Foul Ball, location: 2F
2-2: Ball
3-2: Strikes out looking
Batting: LHB Josh Straub 0-0: Called Strike
0-1: Fly out, F7 (Flyball, 7LS, EV 78.8 MPH)
Top of the 7th over - 0 runs, 0 hits, 0 errors, 0 left on base; San Jose 2 - Columbia 6
BOTTOM OF THE 7TH
Columbia Fireflies batting - Pitching for San Jose Giants : RHP Ignacio Gomez
Pitching: RHP Evan Boy
Batting: RHB Billy Walker 0-0: Called Strike
0-1: Swinging Strike
0-2: Ball
1-2: Fly out, F8 (Flyball, 8LD, EV 83.1 MPH)
Batting: RHB Chris Nelson 0-0: Foul Ball, location: 2F
0-1: SINGLE (Groundball, 56D, EV 109.4 MPH)
Batting: RHB Bobby Campbell 0-0: Fly out, F8 (Line Drive, 8LM, EV 107.5 MPH)
Batting: LHB Joel Soto Pickoff Throw to First - Error! E1
Chris Nelson to second
0-0: Ball
1-0: Ball
2-0: Ball
3-0: Called Strike
3-1: Foul Ball, location: 2F
3-2: Strikes out swinging
Bottom of the 7th over - 0 runs, 1 hit, 1 error, 1 left on base; San Jose 2 - Columbia 6
TOP OF THE 8TH
San Jose Giants batting - Pitching for Columbia Fireflies : RHP Battista Aldobrandini
Pitching: RHP Ian Daniels
Batting: LHB Tony Galvan 0-0: Foul Ball, location: 2F
0-1: Ground out 4-3 (Groundball, 34, EV 90.6 MPH)
Batting: RHB Chris King 0-0: Ball
1-0: Ball
2-0: Foul Ball, location: 2F
2-1: Foul Ball, location: 2F
2-2: Ball
3-2: Fly out, F9 (Flyball, 9, EV 92.5 MPH)
Batting: LHB Fred Arends 0-0: Swinging Strike
0-1: Swinging Strike
0-2: Strikes out swinging, 2-3 out at first.
Top of the 8th over - 0 runs, 0 hits, 0 errors, 0 left on base; San Jose 2 - Columbia 6
BOTTOM OF THE 8TH
Columbia Fireflies batting - Pitching for San Jose Giants : RHP Evan Boy
Batting: RHB Omar Gonzalez 0-0: Foul Ball, location: 2F
0-1: Swinging Strike
0-2: Foul Ball, location: 2F
0-2: Ball
1-2: Foul Ball, location: 2F
1-2: Strikes out swinging
Batting: LHB Elmo Dreier 0-0: Called Strike
0-1: Ball
1-1: SINGLE (Groundball, 34, EV 101.9 MPH)
Batting: LHB Jose Chavez 0-0: Ball
1-0: Called Strike
1-1: Fielders Choice at 2nd, 5-4 (Groundball, 6, EV 88.8 MPH)
Batting: RHB Masaya Nakamura 0-0: Swinging Strike
0-1: Ground out 4-3 (Groundball, 4, EV 98.8 MPH)
Bottom of the 8th over - 0 runs, 1 hit, 0 errors, 1 left on base; San Jose 2 - Columbia 6
TOP OF THE 9TH
San Jose Giants batting - Pitching for Columbia Fireflies : RHP Ian Daniels
Batting: LHB Al Hernandez 0-0: Called Strike
0-1: Ball
1-1: Swinging Strike
1-2: Foul Ball, location: 2F
1-2: Ball
2-2: Ball
3-2: Base on Balls
Batting: RHB Doug Kennie 0-0: Called Strike
0-1: Called Strike
0-2: Foul Ball, location: 2F
0-2: Ball
1-2: Ball
2-2: Strikes out swinging
Batting: RHB Drew Duncan 0-0: Ball
1-0: Swinging Strike
1-1: Foul Ball, location: 2F
1-2: Foul Ball, location: 2F
1-2: Foul Ball, location: 2F
1-2: Strikes out swinging
Pitching: RHP Javier Perez
Batting: RHB Bill Defazio 0-0: Swinging Strike
0-1: Ball
1-1: Foul Ball, location: 2F
1-2: Ground out 3-1 (Groundball, 34, EV 103.8 MPH)
Top of the 9th over - 0 runs, 0 hits, 0 errors, 1 left on base; San Jose 2 - Columbia 6
Wednesday, June 22nd , 2022 - OOTP Baseball 23.4 Build 64